 Dungeon Crawl Stone Soup version 0.31.0 (webtiles) character file.

Game seed: 2843753240283997181

2138170 EnegeticOcto the Slayer (level 22, 222/222 HPs)
             Began as a Minotaur Fighter on Jan 19, 2024.
             Was an Initiate of Gozag.
             Escaped with the Orb
             ... and 3 runes
             ... and 1 gem!
             The game lasted 00:53:04 (42093 turns).

EnegeticOcto the Slayer (Minotaur Fighter)         Turns: 42093, Time: 00:53:04

Health: 222/222    AC: 32    Str: 28    XL:     22   Next: 72%
Magic:  21/21      EV: 15    Int:  5    God:    Gozag
Gold:   6577       SH: 17    Dex: 14    Spells: 21/21 levels left

rFire   + + .        a - +9 broad axe (vamp)
rCold   + + .        A - +2 shield of Resistance {rF++ rC++ Will++}
rNeg    . . .        l - +6 chain mail "Pagotha" {Regen+}
rPois   +            W - +0 mask of the Dragon {Will+ Slay+3 SInv}
rElec   .            U - scarf {repulsion}
rCorr   .            j - +2 pair of gloves
SInv    +            r - +2 pair of boots
Will    ++++.        D - amulet of regeneration Stlth
                     K - +4 ring of protection
HPRegen 2.17/turn    B - ring of poison resistance
MPRegen 0.17/turn

%: repel missiles
@: gold aura, studying 2 skills
A: horns 2, retaliatory headbutt
0: Orb of Zot
}: 3/15 runes: serpentine, barnacled, silver
a: Renounce Religion, Potion Petition, Call Merchant, Bribe Branch


You escaped.
You worshipped Gozag.
Gozag was greatly pleased with you.
You visited 9 branches of the dungeon, and saw 45 of its levels.
You also visited: Gauntlet.

You collected 22379 gold pieces.
You spent 5170 gold pieces at shops.
You paid 10632 gold pieces to Gozag.

Inventory:

Hand Weapons
 a - a +9 vampiric broad axe (weapon)
   (You found it on level 5 of the Dungeon)
 u - a +1 dagger of distortion
   (You found it on level 12 of the Dungeon)
Missiles
 k - 9 curare-tipped darts
 J - 7 throwing nets {!f}
 N - 33 javelins
 S - 38 boomerangs (quivered)
Armour
 b - the +1 pair of gloves of Abstinence {-Tele Fly rElec Str+4 Slay+3}
   (You bought it in a shop on level 2 of the Orcish Mines)

   Str+4:     It affects your strength (+4).
   Slay+3:    It affects your accuracy & damage with ranged weapons and melee
   (+3).
   rElec:     It insulates you from electricity.
   Fly:       It grants you flight.
   -Tele:     It prevents most forms of teleportation.
 j - a +2 pair of gloves (worn)
   (You found it on level 1 of the Dungeon)
 l - the +6 chain mail "Pagotha" (worn) {Regen+}
   (You took it off a vault guard on level 5 of the Vaults)

   Regen+:    It increases your rate of health regeneration.
 r - a +2 pair of boots (worn)
   (You found it on level 2 of the Dungeon)
 A - the +2 shield of Resistance (worn) {rF++ rC++ Will++}
   (You acquired it on level 1 of the Depths)

   rF++:      It greatly protects you from fire.
   rC++:      It greatly protects you from cold.
   Will++:    It greatly increases your willpower.
 U - a scarf of repulsion (worn)
   (You found it on level 4 of the Lair of Beasts)
 W - the +0 mask of the Dragon (worn) {Will+ Slay+3 SInv}
   (You found it on level 3 of the Lair of Beasts)

   Slay+3:    It affects your accuracy & damage with ranged weapons and melee
   (+3).
   Will+:     It increases your willpower.
   SInv:      It lets you see invisible.
Jewellery
 B - a ring of poison resistance (right hand)
   (You found it on level 2 of the Vaults)
 D - an amulet of regeneration (around neck)
   (You found it on level 6 of the Dungeon)
 E - the ring "Luckoner" {Ice Str+3}
   (You took it off Josephina on level 4 of the Depths)

   [ring of ice]

   Ice:       It enhances your ice magic.
   Str+3:     It affects your strength (+3).
   rF-:       It makes you vulnerable to fire.
   rC+:       It protects you from cold.
 K - a +4 ring of protection (left hand)
   (You bought it in a shop on level 2 of the Orcish Mines)
Wands
 y - a wand of light (51) {@v1}
   (You found it on level 6 of the Dungeon)
 G - a wand of mindburst (56)
   (You found it on level 3 of the Snake Pit)
 O - a wand of digging (3) {@v3}
   (You found it on level 5 of the Vaults)
 P - a wand of paralysis (22)
   (You found it in a Gauntlet)
 X - a wand of polymorph (8)
   (You found it on level 13 of the Dungeon)
 Y - a wand of roots (12) {@v2}
   (You found it on level 5 of the Lair of Beasts)
Scrolls
 e - 3 scrolls of immolation
 f - 18 scrolls of teleportation {@r3 !r}
 g - 6 scrolls of vulnerability
 n - 5 scrolls of blinking {@r4}
 o - 7 scrolls of poison {!r}
 q - 6 scrolls of butterflies {!r}
 C - 8 scrolls of fog {!r}
 L - 3 scrolls of fear {!r}
 R - a scroll of enchant armour
Potions
 c - 2 potions of resistance
 d - 4 potions of might {@q3 !q}
 h - 2 potions of ambrosia
 m - 5 potions of attraction
 p - 17 potions of curing {@q1 !q}
 s - 2 potions of enlightenment
 t - 6 potions of mutation
 v - 2 potions of haste {@q4 !q}
 w - a potion of lignification {@q6}
 x - 4 potions of cancellation
 z - 6 potions of heal wounds {@q2 !q}
 M - a potion of magic
 V - a potion of invisibility
 Z - 2 potions of berserk rage
Miscellaneous
 F - a phantom mirror
   (You found it on level 15 of the Dungeon)
 H - a tin of tremorstones (2/2)
   (You found it on level 11 of the Dungeon)
 I - a lightning rod (4/4)
   (You found it on level 11 of the Dungeon)
 Q - a phial of floods
   (You found it in a Gauntlet)
 T - a box of beasts
   (You found it on level 2 of the Lair of Beasts)


   Skills:
 * Level 24.0 Fighting
 - Level 23.0 Axes
 + Level 12.5 Throwing
 - Level 19.1 Armour
 * Level 13.8 Dodging
 + Level 20.0 Shields
 + Level 13.5 Evocations


You had 21 spell levels left.
You didn't know any spells.
Your spell library contained the following spells:

 Spells                   Type           Power      Damage    Failure   Level
 Apportation              Tloc           0%         N/A       86%         1
 Necrotise                Necr           0%         1d4       86%         1
 Shock                    Conj/Air       0%         1d3       86%         1
 Slow                     Hex            0%         N/A       86%         1
 Summon Small Mammal      Summ           0%         N/A       86%         1
 Call Imp                 Summ           0%         N/A       94%         2
 Cigotuvi's Dreadful Rot  Necr/Alch/Air  0%         N/A       94%         2
 Jinxbite                 Hex            0%         N/A       94%         2
 Mercury Vapours          Alch/Air       0%         N/A       94%         2
 Static Discharge         Conj/Air       0%         3-3/arc   94%         2
 Sublimation of Blood     Necr           0%         N/A       94%         2
 Call Canine Familiar     Summ           0%         N/A       99%         3
 Confusing Touch          Hex            0%         N/A       99%         3
 Dazzling Flash           Conj/Hex       0%         N/A       99%         3
 Inner Flame              Hex/Fire       0%         N/A       99%         3
 Mephitic Cloud           Conj/Alch/Air  0%         N/A       99%         3
 Sigil of Binding         Hex            0%         N/A       99%         3
 Swiftness                Air            0%         N/A       99%         3
 Vampiric Draining        Necr           0%         2d6       99%         3
 Volatile Blastmotes      Fire/Tloc      0%         2d10      99%         3
 Airstrike                Air            0%         2d(0-16)  100%        4
 Anguish                  Hex/Necr       0%         N/A       100%        4
 Cause Fear               Hex            0%         N/A       100%        4
 Dispel Undead            Necr           0%         3d6       100%        4
 Fulminant Prism          Conj/Alch      0%         3d5       100%        4
 Iskenderun's Mystic Bla  Conj/Tloc      0%         2d3       100%        4
 Manifold Assault         Tloc           0%         N/A       100%        4
 Martyr's Knell           Necr/Summ      0%         N/A       100%        4
 Olgreb's Toxic Radiance  Alch           0%         N/A       100%        4
 Passage of Golubria      Tloc           0%         N/A       100%        4
 Petrify                  Alch/Erth      0%         N/A       100%        4
 Summon Blazeheart Golem  Fire/Summ      0%         N/A       100%        4
 Summon Lightning Spire   Summ/Air       0%         N/A       100%        4
 Vhi's Electric Charge    Tloc/Air       0%         N/A       100%        4
 Alistair's Intoxication  Alch           0%         N/A       100%        5
 Arcjolt                  Conj/Air       0%         1d10      100%        5
 Curse of Agony           Necr           0%         N/A       100%        5
 Fireball                 Conj/Fire      0%         3d3       100%        5
 Freezing Cloud           Conj/Ice/Air   0%         6-21      100%        5
 Irradiate                Conj/Alch      0%         3d11      100%        5
 Iskenderun's Battlesphe  Conj           0%         2d6       100%        5
 Silence                  Hex/Air        0%         N/A       100%        5
 Summon Forest            Summ/Tloc      0%         N/A       100%        5
 Summon Mana Viper        Hex/Summ       0%         N/A       100%        5
 Yara's Violent Unravell  Hex/Alch       0%         3d3       100%        5
 Bombard                  Conj/Erth      0%         9d1       100%        6
 Death Channel            Necr           0%         N/A       100%        6
 Eringya's Noxious Bog    Alch           0%         4d6       100%        6
 Enfeeble                 Hex            0%         N/A       100%        7
 Haunt                    Necr/Summ      0%         N/A       100%        7
 Ozocubu's Refrigeration  Ice            0%         4d7       100%        7
 Spellforged Servitor     Conj/Summ      0%         N/A       100%        7
 Summon Hydra             Summ           0%         N/A       100%        7
 Discord                  Hex            0%         N/A       100%        8
 Ignition                 Fire           0%         3d3       100%        8
 Lehudib's Crystal Spear  Conj/Erth      0%         10d2      100%        8
 Maxwell's Capacitive Co  Air            0%         ∞         100%        8
 Chain Lightning          Conj/Air       0%         N/A       100%        9
 Dragon's Call            Summ           0%         N/A       100%        9
 Fire Storm               Conj/Fire      0%         5d1       100%        9
 Shatter                  Erth           0%         3d5*      100%        9


Dungeon Overview and Level Annotations

Branches:
Dungeon (15/15)            Temple (1/1) D:6            Lair (5/5) D:11
 Shoals (4/4) Lair:2        Snake (4/4) Lair:3        Slime (0/5) Lair:5
    Orc (2/2) D:11            Elf (0/3) Orc:2        Vaults (5/5) D:14
  Crypt (0/3) Vaults:2     Depths (4/4) D:15            Zot (5/5) Depths:4
Gauntlet (visited)

Altars:
Ashenzari
Cheibriados
Dithmenos
Elyvilon
Fedhas
Gozag
Hepliaklqana
Kikubaaqudgha
Makhleb
Nemelex Xobeh
Okawaru
Qazlal
Ru
Sif Muna
Trog
Uskayaw
Vehumet
Wu Jian
Xom
Yredelemnul
Zin
The Shining One
Ignis
Jiyva
Lugonu

Shops:
D:5 (?![[   D:7 (*   D:11 :   D:15 *   Orc:1 !   Orc:2 [[(=   Shoals:1 (
Shoals:4 *   Vaults:2 =   Depths:1 ?[(   Depths:3 =   Depths:4 [

Portals:
Hell: Depths:1 Depths:2 Depths:3
Abyss: Shoals:2 Depths:1 Depths:2 Depths:3
Ziggurat: Depths:3

Annotations:
D:4 2 transporters
D:5 2 runed translucent doors, tykejmi's ghost, novice DrSh
D:14 3 runed translucent doors
Lair:5 1 exclusion
Shoals:1 Roxanne
Shoals:2 1 runed translucent door
Shoals:3 3 runed translucent doors, Wecaes's ghost, journeyman HOFE
Vaults:2 3 runed translucent doors
Vaults:3 3 runed translucent doors, Zonian's ghost, adept HOFi
Zot:5 1 exclusion


Innate Abilities, Weirdness & Mutations

You have a pair of horns on your head.
You reflexively headbutt those who attack you in melee.


Message History

(V) Vaults (C) Crypt (U) Depths (H) Hell (Z) Zot
Where to? (Tab/Enter - D:1 @ (x,y), ? - help) HP restored.
A sun demon comes into view.
Unknown command.
You slash the sun demon!
You headbutt the sun demon, but do no damage.
The sun demon is moderately wounded.
A balrug comes into view.
It is wielding a +0 demon whip of electrocution.
You block the sun demon's attack.
You closely miss the sun demon. Your headbutt misses the sun demon.
The sun demon is moderately wounded.
You block the sun demon's attack.
You slice the sun demon!!
The sun demon is severely wounded.
You block the sun demon's attack.
You slice the sun demon!!
You kill the sun demon!
You slash the balrug! You block the balrug's attack.
You barely miss the balrug. Your headbutt misses the balrug.
The balrug is lightly wounded.
The balrug gestures at you.
The fireball explodes!
The fireball engulfs you! You resist.
The fireball engulfs the balrug.
The balrug completely resists.
You chop the balrug into pieces!!! You headbutt the balrug.
You kill the balrug!
No target in view!
(D) Dungeon (T) Temple (L) Lair (A) Shoals (P) Snake Pit (M) Slime Pits (O) Orcish Mines (E) Elven Halls (V) Vaults (C) Crypt (U) Depths (H) Hell (Z) Zot
Where to? (Tab/Enter - D:1 @ (x,y), ? - help)
A sun demon comes into view.
You see here 7 gold pieces.
Unknown command.
You slash the sun demon!
You headbutt the sun demon, but do no damage.
The sun demon is lightly wounded.
The sun demon hits you but does no damage.
You slice the sun demon!! Your headbutt misses the sun demon.
The sun demon is severely wounded.
The sun demon barely misses you. You furiously retaliate!
You headbutt the sun demon. You hit the sun demon but do no damage.
The sun demon is almost dead.
The sun demon misses you. You furiously retaliate!
You headbutt the sun demon.
A sun demon comes into view.
You slice the sun demon!!
You kill the sun demon!
You block the sun demon's attack. x2
You see here 8 gold pieces.
You slice the sun demon!!
The sun demon is heavily wounded.
The sun demon misses you. You furiously retaliate!
You headbutt the sun demon! You closely miss the sun demon.
Your headbutt misses the sun demon.
The sun demon is almost dead.
The sun demon closely misses you.
You slice the sun demon!!
You kill the sun demon!
(D) Dungeon (T) Temple (L) Lair (A) Shoals (P) Snake Pit (M) Slime Pits (O) Orcish Mines (E) Elven Halls (V) Vaults (C) Crypt (U) Depths (H) Hell (Z) Zot
Where to? (Tab/Enter - D:1 @ (x,y), ? - help)
You now have 6577 gold pieces (gained 4).
There is a stone staircase leading up here.
You climb upwards.
There is a stone staircase leading down here.
An Orb Guardian comes into view.
Unknown command.
You see here a +0 dagger.
There is a stone staircase leading up here.
You climb upwards.
There is a stone staircase leading down here.
(D) Dungeon (T) Temple (L) Lair (A) Shoals (P) Snake Pit (M) Slime Pits (O) Orcish Mines (E) Elven Halls (V) Vaults (C) Crypt (U) Depths (H) Hell (Z) Zot
Where to? (Tab/Enter - D:1 @ (x,y), ? - help)
A soul eater comes into view.
Unknown command.
You block the soul eater's attack.
You slice the soul eater!! Your headbutt misses the soul eater.
The soul eater is heavily wounded.
You slice the soul eater!!
You kill the soul eater!
No target in view!
No target in view!
No target in view!
No target in view!
No target in view!
Okay, then.
Aiming: Dig
Press: ? - help, Shift-Dir - straight line A rock wall.
This square is covered in magical glow.
The rock shatters into small pieces.
There is a staircase leading out of the dungeon here.
You have escaped!

####..........#####.#####...###.#
# ##..##.#...#...#.#...#.......#
######........#...'.#.>.#........
.......>......#...#.#...#........
############..#####.##'##.....#.#
# #####........)........#.# #
#....[##'##.#####..^....# #
#.....#...#.#...#......## #
#.....#.@.#.'...#......## #
#####(#...#.#...#........ #
#.##.##.#####......#. #
#..............#..##. #
#.#.................. #########
#.#.................. ........#
#..$............##).) ........#
#.#.............##...
....)..>#####.#.#................


There were no monsters in sight!

Vanquished Creatures
  An ancient lich (Vaults:5)
  Josephina (Depths:4)
  A Killer Klown (Zot:5)
  A curse toe (Zot:2)
  Jory (Depths:3)
  4 golden dragons
  3 doom hounds (Depths:3)
  Jorgrun (D:12)
  4 tentacled monstrosities
  An Orb Guardian (D:15)
  Rupert (D:13)
  7 titans (Vaults:5)
  A lich (Depths:2)
  4 quicksilver dragons
  Grunn (Depths:3)
  Asterion (Vaults:3)
  Polyphemus (Shoals:4)
  6 sphinxes
  Kirke (Shoals:1)
  An ancient champion (Vaults:2)
  5 shadow dragons
  4 death cobs
  Aizul (D:14)
  Agnes (D:14)
  Ilsuiw (Shoals:3)
  6 storm dragons
  2 protean progenitors (Zot:2)
  6 draconian monks
  7 nagarajas
  5 fire giants
  An iron dragon (Depths:3)
  A draconian knight (Zot:2)
  2 draconian shifters (Zot:2)
  7 frost giants
  A deep elf sorcerer (Depths:3)
  A draconian scorcher (Zot:2)
  13 vault wardens
  A ghost moth (Zot:5)
  An orc warlord (Orc:2)
  A draconian stormcaller (Depths:4)
  A balrug (D:3)
  A broodmother (Zot:2)
  9 ironbound thunderhulks
  15 ironbound preservers
  A formless jellyfish (Vaults:3)
  2 spriggan defenders (Depths:4)
  4 draconian annihilators
  13 stone giants
  8 very ugly things
  A minotaur (Gauntlet)
  8 green draconians
  5 red draconians
  2 black draconians
  6 dire elephants (Vaults:1)
  A deep elf death mage (Vaults:5)
  12 purple draconians
  A war gargoyle (Vaults:5)
  3 spark wasps (Depths:1)
  5 yellow draconians
  9 white draconians
  8 ettins
  7 merfolk javelineers
  Snorg (Lair:4)
  6 merfolk impalers
  An entropy weaver (Vaults:2)
  8 fire dragons
  4 deep elf high priests
  9 yaktaur captains
  4 hydras
  2 salamander tyrants (Snake:4)
  4 ice dragons
  2 catoblepae
  A caustic shrike simulacrum (Depths:4)
  2 spriggan air magi (Depths:4)
  6 merfolk avatars
  2 ogre magi (Vaults:5)
  30 vault guards
  14 centaur warriors
  4 ironbound frosthearts
  6 anacondas
  4 great orbs of eyes
  Erica (Lair:1)
  2 alligator snapping turtles (Shoals:4)
  A juggernaut simulacrum (Depths:4)
  3 death knights
  10 boulder beetles
  5 merfolk aquamancers
  2 demonic crawlers (D:13)
  3 spriggan berserkers
  8 deep troll earth magi
  2 orc high priests (Orc:2)
  8 tengu warriors
  15 naga warriors
  6 death yaks
  2 occultists (Depths:3)
  15 naga sharpshooters
  Urug (D:12)
  3 deep elf knights (D:14)
  14 hell knights
  4 shock serpents
  A shock serpent (shapeshifter) (Depths:1)
  5 skysharks
  3 sun demons (D:3)
  A soul eater (D:1)
  3 iron trolls
  3 salamander mystics (Snake:4)
  23 skeletal warriors
  Amaemon (D:9)
  Lodul (D:11)
  7 anaconda zombies (Snake:3)
  53 deep trolls
  A glowing orange brain (Depths:1)
  A spriggan simulacrum (Depths:3)
  8 sea snakes
  2 large abominations (Gauntlet)
  A spectral anaconda (Snake:3)
  5 naga ritualists
  A mana viper (shapeshifter) (Depths:3)
  14 mana vipers
  2 phantasmal warriors
  3 arcanists (Vaults:2)
  15 ironbound convokers
  6 lindwurms
  2 orc knights (Orc:2)
  6 deep elf pyromancers
  2 harpies (Shoals:4)
  3 necromancers
  9 cyclopes
  2 orc sorcerers (Orc:2)
  17 ugly things
  15 fauns
  12 salamanders
  13 manticores
  Maurice (Orc:2)
  A fire giant zombie (Depths:3)
  A tengu skeleton (Vaults:2)
  A moth of wrath (shapeshifter) (Vaults:1)
  7 moths of wrath
  3 meliai (D:15)
  21 naga magi
  10 kobold blastminers
  2 apocalypse crabs (Shoals:2)
  11 merfolk sirens
  27 black mambas
  A guardian serpent (Snake:4)
  2 fire giant skeletons
  6 molten gargoyles (D:14)
  3 water nymphs
  A black mamba (shapeshifter) (D:14)
  2 gargoyles
  6 torpor snails
  10 vault sentinels
  19 cane toads
  3 rime drakes
  An orange demon (D:9)
  An unseen horror (D:10)
  15 yaktaurs
  A kobold demonologist (D:9)
  A freezing wraith (D:14)
  13 komodo dragons
  A yaktaur skeleton (Vaults:2)
  4 anaconda simulacra (Snake:3)
  5 efreet
  A tengu conjurer (Depths:1)
  4 polar bears
  26 merfolk
  A golden dragon simulacrum (Depths:3)
  A troll (D:11)
  8 wind drakes
  9 hornets
  5 human skeletons (Vaults:2)
  5 tyrant leeches
  3 dream sheep (Shoals:4)
  8 snapping turtles
  15 blink frogs
  A meliai zombie (D:14)
  39 slime creatures
  A centaur simulacrum (D:11)
  A culicivora (Orc:1)
  A spriggan (shapeshifter) (D:14)
  A spriggan (Depths:4)
  A jumping spider (Vaults:2)
  2 vampires
  5 small abominations (Gauntlet)
  A shadow (D:11)
  2 wraiths
  6 basilisks
  10 water elementals
  43 yaks
  3 wyverns
  A hog (Shoals:1)
  3 wargs
  5 steam dragons
  8 vampire mosquitoes
  4 swamp worms (Gauntlet)
  An acid dragon (D:11)
  34 nagas
  Edmund (D:6)
  21 water moccasins
  Duvessa (D:6)
  3 swamp drakes (Lair:5)
  An ice beast (shapeshifter) (Vaults:2)
  26 orc warriors
  A black bear (D:5)
  A glowing shapeshifter skeleton (Vaults:2)
  4 ice beasts
  2 laughing skulls (D:14)
  16 ogres
  8 wolves
  8 centaurs
  3 kobold brigands (D:9)
  12 bullfrogs
  2 scorpions
  A glowing shapeshifter simulacrum (Depths:4)
  9 wights
  Dowan (D:6)
  4 killer bees (D:9)
  3 electric eels
  4 howler monkeys
  3 hounds
  4 jellies
  18 orc priests
  An iguana (shapeshifter) (D:15)
  A gnoll bouda (D:10)
  7 iguanas
  Jessica (D:2)
  31 orc wizards
  A polar bear simulacrum (Lair:2)
  10 adders
  4 gnolls
  A shadow imp (D:4)
  A white imp (D:6)
  7 ufetubi
  A dart slug (D:2)
  100 orcs
  6 bats
  5 endoplasms
  4 giant cockroaches
  6 goblins
  5 hobgoblins
  20 kobolds
  5 quokkas
  6 ball pythons
  4 frilled lizards
  7 rats
  A spectral orc (D:10)
  An aspiring flesh (Zot:2)
  2 spectral weapons (Vaults:3)
1521 creatures vanquished.

Vanquished Creatures (collateral kills)
  2 quicksilver dragons (Vaults:5)
  A tengu reaver (Vaults:5)
  3 storm dragons (Vaults:5)
  An ironbound preserver (Vaults:5)
  A very ugly thing (Vaults:5)
  Nessos (D:12)
  A deep elf annihilator (Vaults:5)
  An ettin (Vaults:5)
  A deep elf high priest (Vaults:5)
  A yaktaur captain (Vaults:5)
  6 vault guards (Vaults:5)
  A hell knight (Vaults:5)
  A moth of wrath (Zot:5)
21 creatures vanquished.

Vanquished Creatures (others)
  2 ancient liches (Vaults:5)
  A tentacled monstrosity (Zot:5)
  4 Orb Guardians (Zot:5)
  A titan (Vaults:5)
  A sphinx (Vaults:5)
  2 tengu reavers (Vaults:5)
  A frost giant (Vaults:5)
  4 vault wardens (Vaults:5)
  2 ironbound preservers (Vaults:5)
  A stone giant (Vaults:5)
  A deep elf demonologist (Vaults:5)
  5 yaktaur captains (Vaults:5)
  An ettin (Vaults:5)
  4 vault guards (Vaults:5)
  A juggernaut simulacrum (Depths:4)
  4 deep trolls (Vaults:5)
  A deep troll (shapeshifter) (Vaults:5)
  An ironbound convoker (Vaults:5)
  An orc knight (Vaults:5)
  A phantasmal warrior (Vaults:5)
  A glowing shapeshifter (Vaults:5)
  A merfolk siren (Shoals:1)
  2 vault sentinels (Vaults:5)
  A freezing wraith (Vaults:5)
  A human (Shoals:1)
  A yak (Lair:4)
  An orc priest (Orc:2)
47 creatures vanquished.

Grand Total: 1589 creatures vanquished

Notes
Turn   | Place    | Note
-------+----------+-------------------------------------------
     0 | D:1      | EnegeticOcto the Minotaur Fighter began the quest for the
                  | Orb.
     0 | D:1      | Reached XP level 1. HP: 19/19 MP: 0/0
    66 | D:1      | Reached XP level 2. HP: 26/27 MP: 1/1
   164 | D:1      | Reached skill level 3 in Axes
   365 | D:1      | Reached skill level 4 in Shields
   525 | D:2      | Reached XP level 3. HP: 26/33 MP: 2/2
   526 | D:2      | Reached skill level 4 in Armour
   528 | D:2      | Reached skill level 4 in Fighting
   586 | D:2      | Found a shimmering altar of Xom.
   609 | D:2      | Noticed Jessica
   613 | D:2      | Killed Jessica
   614 | D:2      | Reached XP level 4. HP: 38/40 MP: 3/3
   616 | D:2      | Reached skill level 4 in Axes
   796 | D:2      | You fall into a shaft and drop 1 floor!
  1294 | D:3      | Reached XP level 5. HP: 47/47 MP: 4/4
  1642 | D:4      | Found an iron altar of Okawaru.
  1644 | D:4      | Found a shimmering altar of Xom.
  1644 | D:4      | Noticed a water moccasin
  1646 | D:4      | Found a transporter.
  1646 | D:4      | Noticed a water moccasin
  1671 | D:4      | Found a transporter.
  1926 | D:4      | Reached skill level 5 in Axes
  1926 | D:4      | Reached XP level 6. HP: 52/55 MP: 5/5
  2057 | D:4      | Found a bloodstained altar of Trog.
  2060 | D:4      | Found an ancient bone altar of Kikubaaqudgha.
  2065 | D:4      | Found a hide-covered altar of Uskayaw.
  2265 | D:5      | Entered Level 5 of the Dungeon
  2265 | D:5      | Found Zysorupt's Antique Armour Shoppe.
  2270 | D:5      | Reached skill level 5 in Fighting
  2270 | D:5      | Reached skill level 5 in Armour
  2270 | D:5      | Reached skill level 5 in Shields
  2389 | D:5      | Found Gimiliz's Armour Emporium.
  2398 | D:5      | Reached skill level 6 in Axes
  2398 | D:5      | Reached XP level 7. HP: 57/61 MP: 6/6
  2435 | D:5      | Found Eboede Jayn's Distillery.
  2517 | D:5      | Found Saprej's Magic Scroll Shoppe.
  2672 | D:5      | Reached skill level 7 in Axes
  2778 | D:5      | Found a basalt altar of Yredelemnul.
  2836 | D:5      | Reached skill level 6 in Fighting
  2836 | D:5      | Reached skill level 6 in Armour
  2836 | D:5      | Reached skill level 6 in Shields
  2899 | D:5      | Reached XP level 8. HP: 70/70 MP: 7/7
  2927 | D:5      | Found a glowing golden altar of the Shining One.
  3069 | D:5      | Found Weuxien's Antique Weapon Shoppe.
  3096 | D:5      | Found a large runed translucent door.
  3096 | D:5      | Found a large runed translucent door.
  3098 | D:5      | Noticed tykejmi's ghost (novice DrSh)
  3306 | D:6      | Found a sparkling altar of Nemelex Xobeh.
  3335 | D:6      | Found a staircase to the Ecumenical Temple.
  3352 | Temple   | Entered the Ecumenical Temple
  3379 | Temple   | Became a worshipper of Gozag Ym Sagoz the Greedy
  3781 | D:6      | Noticed Edmund
  3781 | D:6      | Noticed Duvessa
  3781 | D:6      | Noticed Dowan
  3795 | D:6      | Killed Edmund
  3796 | D:6      | Reached skill level 8 in Axes
  3800 | D:6      | Killed Duvessa
  3801 | D:6      | Killed Dowan
  4198 | D:5      | Bought 2 potions of heal wounds for 150 gold pieces
  4217 | D:5      | Bought a +0 kite shield for 45 gold pieces
  4259 | D:7      | Found Zoec's Weapon Boutique.
  4259 | D:7      | Found Viazam's Distillery.
  4259 | D:7      | Found Qitoqiv's Assorted Antiques.
  4340 | D:7      | Found a broken altar of Ashenzari.
  4348 | D:7      | Reached skill level 7 in Fighting
  4348 | D:7      | Reached skill level 7 in Armour
  4419 | D:7      | Reached skill level 7 in Shields
  4522 | D:7      | Reached skill level 9 in Axes
  4618 | D:7      | Found a blossoming altar of Fedhas.
  4694 | D:7      | Reached XP level 9. HP: 74/79 MP: 8/8
  5225 | D:8      | Reached skill level 10 in Axes
  5440 | D:9      | Noticed a kobold demonologist
  5447 | D:9      | Reached skill level 8 in Armour
  5447 | D:9      | Reached skill level 8 in Shields
  5451 | D:9      | Reached skill level 8 in Fighting
  5451 | D:9      | Noticed an orange demon
  5451 | D:9      | Killed a kobold demonologist
  5470 | D:9      | Reached skill level 11 in Axes
  5578 | D:5      | Bought a scroll of acquirement for 572 gold pieces
  5578 | D:5      | Acquired 1198 gold pieces
  5580 | D:5      | Bought a scroll of blinking for 82 gold pieces
  5580 | D:5      | Bought a scroll of brand weapon for 104 gold pieces
  5580 | D:5      | Bought a scroll of teleportation for 33 gold pieces
  5580 | D:5      | Bought a scroll of enchant weapon for 82 gold pieces
  5610 | D:5      | Bought a runed hat for 217 gold pieces
  5638 | D:5      | Bought a potion of curing for 45 gold pieces
  5638 | D:5      | Bought 2 potions of curing for 90 gold pieces
  5638 | D:5      | Bought a potion of attraction for 45 gold pieces
  5638 | D:5      | Bought a potion of might for 60 gold pieces
  5638 | D:5      | Bought a potion of mutation for 120 gold pieces
  5638 | D:5      | Bought a potion of haste for 150 gold pieces
  5802 | D:9      | Noticed Amaemon
  5803 | D:9      | Noticed an orange demon
  5821 | D:9      | Killed Amaemon
  5822 | D:9      | Reached XP level 10. HP: 50/90 MP: 9/9
  5864 | D:9      | Killed an orange demon
  6220 | D:10     | Entered Level 10 of the Dungeon
  6428 | D:10     | Found a shadowy altar of Dithmenos.
  6507 | D:10     | Reached skill level 9 in Armour
  6613 | D:10     | Reached skill level 9 in Fighting
  6613 | D:10     | Reached skill level 9 in Shields
  6616 | D:10     | Reached skill level 1 in Evocations
  6691 | D:10     | Reached skill level 12 in Axes
  6838 | D:10     | Found a hazy altar of Hepliaklqana.
  7049 | D:11     | Noticed Lodul
  7073 | D:11     | Killed Lodul
  7074 | D:11     | Reached skill level 2 in Evocations
  7226 | D:5      | Bought a +4 chain mail of positive energy for 285 gold
                  | pieces
  7366 | D:7      | Bought a crooked brass wand for 96 gold pieces
  7366 | D:7      | Bought a potion of curing for 72 gold pieces
  7638 | D:11     | Reached XP level 11. HP: 99/99 MP: 10/10
  7667 | D:11     | Found Igizxi Xusa's Self-Improvement Boutique.
  7680 | D:11     | Reached skill level 13 in Axes
  7692 | D:11     | Reached skill level 3 in Evocations
  7859 | D:11     | Reached skill level 10 in Fighting
  7859 | D:11     | Reached skill level 10 in Armour
  7978 | D:11     | Noticed a death knight
  7978 | D:11     | Noticed a boulder beetle
  7995 | D:11     | Noticed a centaur warrior
  7998 | D:11     | Killed a death knight
  7999 | D:11     | Reached skill level 10 in Shields
  8005 | D:11     | Killed a boulder beetle
  8016 | D:11     | Killed a centaur warrior
  8016 | D:11     | Noticed a deep elf pyromancer
  8022 | D:11     | Killed a deep elf pyromancer
  8354 | D:11     | Reached skill level 4 in Evocations
  8391 | D:11     | Reached skill level 14 in Axes
  8547 | D:11     | Noticed a purple ugly thing
  8560 | D:11     | Killed a purple ugly thing
  8821 | D:11     | Found a staircase to the Lair.
  8847 | D:11     | Reached XP level 12. HP: 76/108 MP: 11/11
  8949 | D:11     | Found a staircase to the Orcish Mines.
  9141 | Lair:1   | Entered Level 1 of the Lair of Beasts
  9273 | Lair:1   | Reached skill level 11 in Armour
  9275 | Lair:1   | Reached skill level 11 in Fighting
  9275 | Lair:1   | Reached skill level 1 in Dodging
  9428 | Lair:1   | Found a gate leading to a gauntlet.
  9430 | Lair:1   | Noticed Erica
  9434 | Lair:1   | Killed Erica
  9435 | Lair:1   | Reached skill level 11 in Shields
  9442 | Gauntlet | Entered a Gauntlet
  9442 | Gauntlet | Found a transporter.
  9448 | Gauntlet | Noticed a dire elephant
  9488 | Gauntlet | Found a transporter.
  9508 | Gauntlet | Found a transporter.
  9509 | Gauntlet | Found a transporter.
  9512 | Gauntlet | Noticed a reaper
  9530 | Gauntlet | Found a transporter.
  9547 | Gauntlet | Found a transporter.
  9552 | Gauntlet | Found a transporter.
  9556 | Gauntlet | Found a transporter.
  9579 | Gauntlet | Found a transporter.
  9608 | Gauntlet | Found a transporter.
  9608 | Gauntlet | Found a transporter.
  9613 | Gauntlet | Found a transporter.
  9689 | Gauntlet | Reached skill level 2 in Dodging
  9706 | Gauntlet | Reached skill level 5 in Evocations
  9719 | Gauntlet | Reached skill level 15 in Axes
  9811 | Gauntlet | Acquired 748 gold pieces
  9910 | Gauntlet | Noticed a minotaur
  9917 | Gauntlet | Killed a minotaur
  9924 | Gauntlet | Identified the +3 fire dragon scales "Wumo" {Harm Fly rF++
                  | rC- Stlth+}
  9943 | Lair:1   | Reached skill level 3 in Dodging
 10499 | Lair:1   | Found the +8 whip "Snakebite" {venom, curare, rPois}
 10951 | Lair:2   | Found a frozen archway.
 11039 | Lair:2   | Found a staircase to the Shoals.
 11261 | Lair:2   | Reached skill level 4 in Dodging
 11334 | Lair:2   | Reached XP level 13. HP: 107/117 MP: 12/12
 11923 | Lair:3   | Found the +0 mask of the Dragon {Will+ Slay+3 SInv}
 12033 | Lair:3   | Reached skill level 12 in Armour
 12057 | Lair:3   | Found a staircase to the Snake Pit.
 12066 | Lair:3   | Reached skill level 12 in Fighting
 12066 | Lair:3   | Reached skill level 6 in Evocations
 12120 | Lair:3   | Identified the +0 leather armour "Myatyps" {Dex+6}
 12207 | Lair:3   | Reached skill level 16 in Axes
 12441 | Lair:3   | Reached skill level 12 in Shields
 12852 | Lair:4   | Noticed Snorg
 12859 | Lair:4   | Killed Snorg
 12860 | Lair:4   | Reached skill level 5 in Dodging
 13162 | Lair:4   | Identified the +2 rapier "Caus Luobli" {elec, rF+ rN++
                  | Will+ Str-5}
 13665 | Lair:5   | Entered Level 5 of the Lair of Beasts
 13747 | Lair:5   | Found a staircase to the Slime Pits.
 13747 | Lair:5   | Found a viscous altar of Jiyva.
 13788 | Lair:5   | Reached skill level 17 in Axes
 13788 | Lair:5   | Reached skill level 6 in Dodging
 13793 | Lair:5   | Reached skill level 7 in Evocations
 13907 | Lair:5   | Reached XP level 14. HP: 127/127 MP: 13/13
 14046 | Lair:5   | Reached skill level 13 in Armour
 14168 | Lair:5   | Reached skill level 13 in Fighting
 15179 | Orc:1    | Entered Level 1 of the Orcish Mines
 15420 | Orc:1    | Found Ucoupn's Distillery.
 15446 | Orc:1    | Bought a potion of berserk rage for 70 gold pieces
 15446 | Orc:1    | Bought 2 potions of heal wounds for 140 gold pieces
 15446 | Orc:1    | Bought a potion of heal wounds for 70 gold pieces
 15446 | Orc:1    | Bought a potion of might for 56 gold pieces
 15660 | Orc:2    | Entered Level 2 of the Orcish Mines
 15675 | Orc:2    | Reached skill level 13 in Shields
 15808 | Orc:2    | Noticed Maurice
 15816 | Orc:2    | Killed Maurice
 15820 | Orc:2    | Found Zacw's Jewellery Shop.
 15998 | Orc:2    | Reached skill level 7 in Dodging
 16041 | Orc:2    | Found a staircase to the Elven Halls.
 16143 | Orc:2    | Found Jyisauw's Armour Boutique.
 16390 | Orc:2    | Noticed an orc warlord
 16405 | Orc:2    | Killed an orc warlord
 16408 | Orc:2    | Reached skill level 18 in Axes
 16496 | Orc:2    | Found Qaefel's Antique Armour Emporium.
 16508 | Orc:2    | Found Biarph's Antique Weapon Shoppe.
 16833 | Orc:2    | Bought a +4 ring of protection for 432 gold pieces
 16833 | Orc:2    | Bought a ring of protection from cold for 300 gold pieces
 16973 | D:12     | Noticed Jorgrun
 16974 | D:12     | Noticed Nessos
 16988 | D:12     | Killed Jorgrun
 16989 | D:12     | Noticed Sonja
 16990 | D:12     | Sonja changed into Sonja the blink frog
 16990 | D:12     | Noticed Sonja
 17003 | D:12     | Killed Sonja the blink frog
 17003 | D:12     | Killed Nessos
 17142 | D:12     | Noticed Urug
 17149 | D:12     | Killed Urug
 17150 | D:12     | Reached skill level 8 in Evocations
 17582 | D:13     | Reached XP level 15. HP: 104/137 MP: 14/14
 17811 | D:13     | Reached skill level 8 in Dodging
 17923 | D:13     | Reached skill level 14 in Armour
 17948 | D:13     | Noticed Rupert
 17955 | D:13     | Killed Rupert
 17956 | D:13     | Reached skill level 14 in Fighting
 18217 | D:13     | Identified the +4 war axe "Etiom" {freeze, Int+2}
 18317 | D:14     | Found a runed translucent door.
 18342 | D:13     | Reached skill level 19 in Axes
 18385 | D:14     | Reached skill level 14 in Shields
 18408 | D:14     | Found a runed translucent door.
 18494 | D:14     | Found a gate to the Vaults.
 18675 | D:14     | Found a runed translucent door.
 18950 | D:14     | Reached skill level 9 in Dodging
 19082 | D:14     | Found a candlelit altar of Ignis.
 19172 | D:14     | Got the Handbook of Frigid Enchantment
 19340 | D:14     | Noticed Agnes
 19346 | D:14     | Killed Agnes
 19347 | D:14     | Reached XP level 16. HP: 147/147 MP: 15/15
 19544 | D:14     | Reached skill level 20 in Axes
 19858 | D:14     | Reached skill level 15 in Armour
 20014 | D:15     | Entered Level 15 of the Dungeon
 20422 | D:15     | Reached skill level 15 in Fighting
 20789 | D:15     | Found a staircase to the Depths.
 21001 | D:15     | Found Soxesadd's Pet Rocks.
 21321 | Shoals:1 | Entered Level 1 of the Shoals
 21359 | Shoals:1 | Found Numup's Weapon Shop.
 21491 | Shoals:1 | Reached skill level 1 in Throwing
 21498 | Shoals:1 | Reached skill level 15 in Shields
 21506 | Shoals:1 | Reached skill level 10 in Dodging
 21608 | Shoals:1 | Noticed Kirke
 21616 | Shoals:1 | Killed Kirke
 21628 | Shoals:1 | Reached skill level 2 in Throwing
 21731 | Shoals:1 | Noticed Roxanne
 22365 | Shoals:2 | Reached skill level 16 in Fighting
 22451 | Shoals:2 | Found a runed translucent door.
 22488 | Shoals:2 | Reached skill level 3 in Throwing
 22497 | Shoals:2 | Found a corrupted altar of Lugonu.
 22706 | Shoals:2 | Found a one-way gate to the infinite horrors of the Abyss.
 22820 | Shoals:3 | Noticed Wecaes's ghost (journeyman HOFE)
 22835 | Shoals:3 | Found a runed translucent gate.
 22835 | Shoals:3 | Found a runed translucent gate.
 22835 | Shoals:3 | Found a runed translucent gate.
 22927 | Shoals:3 | Identified the +8 rapier of Erryt {venom, rF+ Will+ Int+5}
 23318 | Shoals:4 | Entered Level 4 of the Shoals
 23622 | Shoals:4 | Noticed Ilsuiw
 23628 | Shoals:3 | Reached XP level 17. HP: 123/159 MP: 16/16
 23637 | Shoals:3 | Killed Ilsuiw
 23690 | Shoals:4 | Reached skill level 4 in Throwing
 23768 | Shoals:4 | Found Dutasipp's CLEARANCE SALE!.
 23777 | Shoals:4 | Bought a scroll of teleportation for 9 gold pieces
 23795 | Shoals:4 | Noticed Polyphemus
 23804 | Shoals:4 | Reached skill level 16 in Armour
 23813 | Shoals:4 | Killed Polyphemus
 23835 | Shoals:4 | Bought a scroll of brand weapon for 28 gold pieces
 24003 | Shoals:4 | Reached skill level 9 in Evocations
 24319 | Shoals:4 | Reached skill level 17 in Fighting
 24496 | Shoals:4 | Reached skill level 5 in Throwing
 24515 | Shoals:4 | Got a barnacled rune of Zot
 24750 | Shoals:4 | Reached skill level 16 in Shields
 25257 | Snake:1  | Entered Level 1 of the Snake Pit
 26660 | Snake:2  | Reached skill level 6 in Throwing
 26668 | Snake:2  | Reached skill level 18 in Fighting
 27127 | Snake:3  | Reached XP level 18. HP: 149/172 MP: 13/17
 27926 | Snake:4  | Entered Level 4 of the Snake Pit
 27934 | Snake:4  | Reached skill level 10 in Evocations
 28256 | Snake:4  | Reached skill level 17 in Armour
 28294 | Snake:4  | Reached skill level 21 in Axes
 28360 | Snake:4  | Reached skill level 7 in Throwing
 28822 | Snake:4  | Reached skill level 19 in Fighting
 29055 | Snake:4  | Got a serpentine rune of Zot
 29198 | Snake:4  | Reached skill level 17 in Shields
 29592 | Vaults:1 | Entered Level 1 of the Vaults
 29592 | Vaults:1 | Identified the serpent talisman of the Hall of Blades
                  | {rCorr Str+3 Dex+5}
 29592 | Vaults:1 | Noticed Aizul
 29599 | Vaults:1 | Noticed a tentacled monstrosity
 29606 | D:14     | Killed Aizul
 29684 | Vaults:1 | Killed a tentacled monstrosity
 30098 | Vaults:1 | Got the Quarto of the Jinx and the Vector
 30309 | Vaults:1 | Reached XP level 19. HP: 182/183 MP: 18/18
 30385 | Vaults:1 | Identified the +11 spear of Gozag, Breathing {flame,
                  | *Corrode rN+ Int+2}
 31258 | Orc:2    | Bought the +1 pair of gloves of Abstinence {-Tele Fly rElec
                  | Str+4 Slay+3} for 554 gold pieces
 31476 | Vaults:2 | Reached skill level 8 in Throwing
 32027 | Vaults:2 | Found Gahigatsewn's Jewellery Shoppe.
 32358 | Vaults:2 | Reached skill level 11 in Evocations
 32360 | Vaults:2 | Reached skill level 20 in Fighting
 32600 | Vaults:2 | Found a staircase to the Crypt.
 32700 | Vaults:2 | Reached skill level 18 in Armour
 32903 | Vaults:2 | Found a runed translucent gate.
 32903 | Vaults:2 | Found a runed translucent gate.
 32904 | Vaults:2 | Found a runed translucent gate.
 33294 | Vaults:3 | Reached skill level 9 in Throwing
 33534 | Vaults:3 | Found a runed translucent gate.
 33534 | Vaults:3 | Found a runed translucent gate.
 33534 | Vaults:3 | Noticed Zonian's ghost (adept HOFi)
 33535 | Vaults:3 | Found a runed translucent gate.
 33657 | Vaults:3 | Identified the +1 scale mail of Kise Ude {Str+3}
 33674 | Vaults:3 | Noticed Asterion
 33711 | Vaults:3 | Killed Asterion
 33717 | Vaults:3 | Paralysed by a formless jellyfish for 1 turns
 33760 | Vaults:3 | Reached skill level 22 in Axes
 33921 | Vaults:3 | Reached skill level 18 in Shields
 33924 | Vaults:3 | Reached XP level 20. HP: 188/195 MP: 19/19
 34552 | Vaults:4 | Identified the +1 leather armour of Yredelemnul's Esteem
                  | {Dex+3 Slay+2}
 34652 | Vaults:4 | Reached skill level 21 in Fighting
 34784 | Vaults:4 | Identified the +5 halberd of Terra Cotta {vamp, rElec rCorr
                  | Int+4 Dex-5}
 35133 | Vaults:5 | Entered Level 5 of the Vaults
 35158 | Vaults:5 | Noticed an ancient lich
 35308 | Vaults:5 | Reached skill level 10 in Throwing
 35314 | Vaults:5 | Killed an ancient lich
 35647 | Vaults:5 | Identified the amulet "Baskuot" {Faith Harm Fly Int-5
                  | Stlth-}
 35893 | Vaults:5 | Reached skill level 12 in Evocations
 35911 | Vaults:5 | Identified the +6 chain mail "Pagotha" {Regen+}
 35932 | Vaults:5 | Noticed an ancient lich
 35939 | Vaults:5 | Identified the +0 scale mail of Orthodoxy {^Contam Fly
                  | rF+++ Str-2}
 35950 | Vaults:5 | Identified the ring of Mumn {rN++ rCorr Int-4}
 35978 | Vaults:5 | Killed an ancient lich
 36033 | Vaults:5 | Got the Volume of the Entourage
 36147 | Vaults:5 | Reached skill level 19 in Armour
 36233 | Vaults:5 | Identified the +2 mace of Pydiydirch {speed, SInv}
 36264 | Vaults:5 | Noticed an ancient lich
 36271 | Vaults:5 | Killed an ancient lich
 36303 | Vaults:5 | Reached skill level 22 in Fighting
 36323 | Vaults:5 | Reached XP level 21. HP: 193/194 MP: 20/20
 36760 | Vaults:5 | Got a silver rune of Zot
 36805 | Vaults:5 | Noticed a golden dragon
 36812 | Vaults:5 | Killed a golden dragon
 36867 | Vaults:5 | Identified the staff "Goblinslayer" {rC- Str+6 Int+4 Conj}
 37247 | Depths:1 | Entered Level 1 of the Depths
 37348 | Depths:1 | Found a gateway to Hell.
 37866 | Depths:1 | Found Meceos's Antique Weapon Boutique.
 37870 | Depths:1 | Found Bulatauwn's Antique Armour Shop.
 37872 | Depths:1 | Found Ufomauwk's Magic Scroll Boutique.
 37881 | Depths:1 | Bought a scroll of acquirement for 988 gold pieces
 37881 | Depths:1 | Acquired the +2 shield of Resistance {rF++ rC++ Will++}
 37881 | Depths:1 | Found the +2 shield of Resistance {rF++ rC++ Will++}
 37906 | Depths:1 | Bought a scroll of revelation for 142 gold pieces
 37906 | Depths:1 | Bought a scroll of butterflies for 76 gold pieces
 37906 | Depths:1 | Bought a scroll of teleportation for 57 gold pieces
 38562 | Depths:2 | Reached skill level 11 in Throwing
 38578 | Depths:2 | Reached skill level 19 in Shields
 38721 | Depths:3 | Found a one-way gateway to a ziggurat.
 38753 | Depths:3 | Found a broken altar of Ashenzari.
 38919 | Depths:3 | Reached skill level 11 in Dodging
 39185 | Depths:3 | Identified the +10 war axe "Miry" {flame, MP+9 Str+3 Dex-2}
 39260 | Depths:3 | Noticed Grunn
 39271 | Depths:3 | Killed Grunn
 39273 | Depths:3 | Reached skill level 23 in Axes
 39413 | Depths:3 | Found Moustuom's Jewellery Boutique.
 39482 | Depths:4 | Entered Level 4 of the Depths
 39502 | Depths:4 | Identified the ring "Luckoner" {Ice Str+3}
 39502 | Depths:4 | Noticed Josephina
 39520 | Depths:4 | Killed Josephina
 39599 | Depths:4 | Noticed Jory
 39614 | Depths:3 | Killed Jory
 39834 | Depths:4 | Reached skill level 23 in Fighting
 39841 | Depths:4 | Reached skill level 12 in Dodging
 39880 | Depths:4 | Found Paippait's Armour Emporium.
 40039 | Depths:4 | Noticed a golden dragon
 40050 | Depths:4 | Killed a golden dragon
 40067 | Depths:4 | Reached skill level 13 in Evocations
 40127 | Depths:4 | Reached XP level 22. HP: 220/220 MP: 21/21
 40260 | Depths:4 | Found a gate to the Realm of Zot.
 40344 | Depths:4 | Got a midnight gem with 462 turns to spare
 40453 | Depths:4 | Identified the +2 robe of Morhuege {Str+3}
 40504 | Zot:1    | Entered Level 1 of the Realm of Zot
 40540 | Zot:1    | Reached skill level 12 in Throwing
 40573 | Zot:2    | Noticed a golden dragon
 40588 | Zot:2    | Reached skill level 13 in Dodging
 40615 | Zot:2    | Killed a golden dragon
 40706 | Zot:3    | Noticed a curse toe
 40901 | Zot:2    | Killed a curse toe
 41109 | Zot:4    | Noticed a golden dragon
 41120 | Zot:4    | Killed a golden dragon
 41154 | Zot:5    | Entered Level 5 of the Realm of Zot
 41177 | Zot:5    | Reached skill level 20 in Shields
 41305 | Zot:5    | Noticed a Killer Klown
 41316 | Zot:5    | Killed a Killer Klown
 41348 | Zot:5    | Reached skill level 24 in Fighting
 41590 | Zot:5    | Noticed a curse toe
 41592 | Zot:5    | Noticed a dread lich
 41592 | Zot:5    | Noticed a curse toe
 41592 | Zot:5    | Noticed a dread lich
 41592 | Zot:5    | Noticed an orb of fire
 41592 | Zot:5    | Noticed an orb of fire
 41593 | Zot:5    | Noticed an orb of fire
 41593 | Zot:5    | Noticed a Killer Klown
 41596 | Zot:5    | Got the Orb of Zot
 41714 | Depths:4 | Noticed a golden dragon
 41893 | D:11     | Noticed Antebi the pandemonium lord
 42093 | D:$      | Escaped with the Orb!

Illustrated notes

Levels and vault maps discovered:
D:1:      minmay_arrival_four_houses, layout_rooms
D:2:      layout_rooms, basic_altar, minmay_misc_feat_more_columns,
          minmay_liquid_box, uniq_jessica
D:3:      layout_basic, kennysheep_generic_room_4
D:4:      layout_basic, grunt_temple_overflow_diamond,
          gammafunk_temple_overflow_arena
D:5:      layout_cave_pools, nicolae_overflow_crystal_walls, tso_metal_star,
          serial_shops, shop, kennysheep_mini, nicolae_shop_tiny_statue_garden,
          nicolae_shop_just_a_little_nook, nicolae_shop_back_alley_shop,
          serial_column_ruins, column_ruins_columns_straight,
          column_ruins_columns_straight, column_ruins_columns_straight,
          column_ruins_open_tiny, column_ruins_corridor_water,
          ebering_ghost_disaster_area, kennysheep_generic_room_8
D:6:      layout_gridville, nemelex_xobeh_ov_fountains_minmay,
          minmay_temple_entry_statues_pillars, uniq_edmund, uniq_duvessa
D:7:      layout_basic, evilmike_ruin_ashenzari, general_overflow_altar,
          serial_bayou_ford_a, chequers_decorated_corner,
          nicolae_shop_distant_corner_stores
D:8:      layout_cave_pools, serial_column_ruins, column_ruins_hut_pillars,
          column_ruins_corridor_straight, column_ruins_columns_straight,
          column_ruins_open_small, column_ruins_columns_corner,
          column_ruins_corridor_plus, column_ruins_columns_straight
D:9:      layout_small_grid, chequers_serial_rivers_marsh, nrook_mini_backslash,
          nicolae_zig_zag_zippers, uniq_amaemon
D:10:     layout_stronghold, mainiacjoe_overflow_concentric_impassable,
          nicolae_hepliaklqana_monster_ancestors, hangedman_decor_points
D:11:     minmay_the_grid_triangle_9x9_recursive_3
          [minmay_the_grid_triangle_9x9_empty,
          minmay_the_grid_triangle_9x9_steps,
          minmay_the_grid_triangle_9x9_windchime,
          minmay_the_grid_triangle_9x9_prize_schism,
          minmay_the_grid_triangle_9x9_sprig,
          minmay_the_grid_triangle_9x9_corruption,
          minmay_the_grid_triangle_9x9_swiss_cheese,
          minmay_the_grid_triangle_9x9_checkered,
          minmay_the_grid_triangle_9x9_zippers_vertical], layout_cave_pools,
          lair_entry_dummy, david_orc_4, serial_ice, serial_ice_d, serial_ice_f,
          serial_ice_k, serial_ice_c, nicolae_shop_self_help, uniq_lodul
D:12:     layout_roguey, uniq_nessos, uniq_urug, uniq_sonja, uniq_jorgrun
D:13:     layout_long_grid, grunt_ministairs_11, einodemon_crawler_minivault,
          uniq_rupert
D:14:     regret_index_infernal_bastille, layout_basic,
          lightli_vaults_fourway_checkpoint, mikee_hates_you, uniq_agnes
D:15:     grunt_enter_depths_snipers, layout_grid_maze, guppyfry_shop_earth
Temple:   dpeg_chambers_temple
Lair:1:   minmay_guarded_unrand_snakebite, layout_layer_cave,
          gauntlet_entry_generic, fungi_pond_lemuel, grunt_megastairs_1,
          uniq_erica
Lair:2:   layout_cave_pods, shoals_dummy_entry,
          portal_ice_cave_entry_ice_simulacra, serial_bayou_shore_a,
          grunt_megastairs_3
Lair:3:   layout_cellular_growth, dummy_snake_entry, minmay_holes, st_stairs_4,
          infiniplex_staircase_pool_2, lemuel_fruit_fields
Lair:4:   layout_gridlike, cheibrodos_lair_reptile_den, uniq_snorg
Lair:5:   guppyfry_lair_end_dragon, layout_misc_corridors, wormcave,
          minmay_slime_entry_pillars, chequers_serial_rivers_room_b
Shoals:1: layout_shoals, serial_shops, shop, uniq_roxanne, uniq_kirke
Shoals:2: layout_shoals, nicolae_shoals_abyss_on_the_beach
Shoals:3: layout_shoals, gammafunk_ghost_split
Shoals:4: shoals_end_grunt_ice, layout_shoals, shoals_ilsuiw_ice,
          nicolae_shop_clearance, uniq_polyphemus
Snake:1:  layout_onion
Snake:2:  layout_misc_corridors
Snake:3:  layout_concentric_octagons, nicolae_snake_dead_anacondas
Snake:4:  snake_pit, layout_rooms, nicolae_snake_mages_go_home
Orc:1:    layout_caves, serial_shops, shop
Orc:2:    grunt_orc_community_town_hall, layout_caves,
          grunt_orc_community_big_house_1, grunt_orc_community_big_house_2,
          grunt_orc_community_house_2, grunt_orc_community_house_3,
          grunt_orc_community_house_2, grunt_orc_community_house_3,
          grunt_orc_community_house_2, uniq_maurice
Vaults:1: hangedman_vaults_restitches, nicolae_vaults_diffraction_hallways,
          nicolae_vaults_apartment_2, ontoclasm_vaults_shuriken,
          vaults_dpeg_encased_lava, v_pattern_4,
          nicolae_vaults_closet_pinwheel_3, layout_vaults_omnigrid, uniq_aizul
Vaults:2: nicolae_vaults_wrenched, hangedman_vaults_stretched_pinwheel,
          nicolae_vaults_what_the_h, abrahamwl_protected_by_tso_1,
          minmay_crypt_entry_skeletal_spiral, nicolae_vaults_apartment_1,
          grunt_vaults_funnel, dpeg_vaults_monster_row,
          nicolae_vaults_sealed_display, nicolae_vaults_little_squares_6,
          vaults_room_door_hall, nicolae_vaults_shelves_hall,
          nicolae_vaults_house_1, layout_vaults_omnicross, serial_shops,
          nicolae_shop_advertising_works [nicolae_subvault_shop_adworks]
Vaults:3: gammafunk_ghost_split, nicolae_vaults_tetromino_L_1,
          hangedman_vaults_stretched_pinwheel,
          nicolae_vaults_trapezoid_lopsided_1, hangedman_vaults_maws,
          nicolae_vaults_stairing_the_circle, vaults_room_large_hall,
          nicolae_vaults_apartment_1, nicolae_vaults_tangram_1, v_misc_3,
          layout_vaults_maze_bifur, uniq_asterion
Vaults:4: vaults_room_grid, nicolae_vaults_specimen_jars, v_misc_29,
          nicolae_vaults_double_plus_3, nicolae_vaults_little_squares_4,
          v_misc_22, hangedman_vaults_corner, v_misc_17, hangedman_vaults_snaps,
          nicolae_vaults_storage_room_doors, nicolae_vaults_diamond_1,
          nicolae_vaults_diagonal_hallway_7, layout_vaults_ring
Vaults:5
Depths:1: layout_cross, hangedman_abyss_entry_splay, hell_entry,
          minmay_shattered_shrine, minmay_shop_star
Depths:2: cheibrodos_witchhunters_guild, layout_cave_pools, pan_entry,
          abyss_entry, hangedman_abyss_or_decor_slice, gammafunk_ghost_cemetery,
          hell_entry, hellmonk_scarab_ruin, infiniplex_staircase_zigzag_5
Depths:3: nicolae_cairo_tiling_large, layout_long_grid, enter_ziggurat_e,
          hell_entry, nicolae_abyss_entry_one_way_or_another, serial_shops,
          nicolae_shop_pleasant_corner_grove, lemuel_statue_altar, uniq_grunn
Depths:4: lemuel_castle_with_subvaults [lemuel_castle_interior_carwin_1],
          layout_gridville, serial_shops, nicolae_shop_crystal, hell_entry,
          grunt_pan_entry_in_and_out, minivault_14, okawaru_gym_becter,
          uniq_josephina, uniq_jory
Zot:1:    kennysheep_room_grid, layout_onion, gammafunk_ghost_wrathful_warriors,
          regret_index_zotdec_plus
Zot:2:    layout_onion_interference, regret_index_zotdec_storm_pass
Zot:3:    layout_gridlike
Zot:4:    layout_basic, grunt_megastairs_2
Zot:5:    layout_misc_corridors

Skill      XL: |  1  2  3  4  5  6  7  8  9 10 11 12 13 14 15 16 17 18 19 20 21 22 |
---------------+-------------------------------------------------------------------+-----
Axes           | 3 4 5 6 7 9 11 12 14 15 17 18 19 20 21 22 23 | 23.0
Shields        | 4 5 6 7 8 9 10 11 12 13 14 15 16 17 18 19 20 | 20.0
Armour         | 4 5 6 7 8 9 10 11 12 13 14 15 16 17 18 19 | 19.1
Fighting       | 4 5 6 7 8 9 10 11 12 13 14 16 18 19 20 22 23 24 | 24.0
Evocations     | 2 4 5 7 8 9 10 11 12 13 | 13.5
Dodging        | 4 6 7 9 10 12 13 | 13.8
Throwing       | 3 6 7 9 10 11 12 | 12.5

Action                     |  1- 3 |  4- 6 |  7- 9 | 10-12 | 13-15 | 16-18 | 19-21 | 22-24 || total
---------------------------+-------+-------+-------+-------+-------+-------+-------+-------++-------
  Melee: War axe           |    72 |    80 |       |       |       |       |       |       ||   152
         Headbutt          |    13 |     9 |    45 |   107 |   211 |   320 |   361 |   115 ||  1181
         Broad axe         |       |       |   243 |   466 |   824 |  1145 |  1075 |   322 ||  4075
         Morningstar       |       |       |       |       |    15 |       |       |       ||    15
         Unarmed           |       |       |       |       |       |     2 |       |       ||     2
  Throw: Throwing net      |       |       |       |     1 |     2 |       |       |       ||     3
         Boomerang         |       |       |       |       |       |    73 |    50 |    28 ||   151
         Javelin           |       |       |       |       |       |    37 |    15 |       ||    52
 Invoke: Potion Petition   |       |       |       |       |       |     2 |       |     1 ||     3
         Bribe Branch      |       |       |       |       |       |       |     1 |     2 ||     3
  Evoke: Wand              |       |       |       |     6 |     6 |     4 |     7 |     4 ||    27
         Lightning rod     |       |       |       |     5 |     9 |    11 |     3 |       ||    28
         Tin of tremorston |       |       |       |       |     4 |     6 |     2 |       ||    12
         Box of beasts     |       |       |       |       |     1 |       |     1 |     1 ||     3
         Phial of floods   |       |       |       |       |     1 |       |       |       ||     1
         Phantom mirror    |       |       |       |       |       |     1 |     1 |     1 ||     3
    Use: Scroll            |     3 |     5 |     9 |     5 |    15 |    12 |     5 |    12 ||    66
         Potion            |       |       |     2 |     3 |     1 |     8 |     9 |     9 ||    32
   Stab: Distracted        |       |       |     1 |     3 |     5 |    10 |    14 |     6 ||    39
         Invisible         |       |       |       |     1 |       |       |       |       ||     1
         Held in net/web   |       |       |       |     2 |       |       |       |       ||     2
         Paralysed         |       |       |       |       |     2 |       |     1 |     1 ||     4
 Armour: Scale mail        |    51 |     6 |       |       |       |       |       |       ||    57
         Plate armour      |       |    71 |   269 |    64 |       |   785 |   391 |       ||  1580
         Chain mail        |       |     1 |       |   359 |   550 |     2 |   268 |   194 ||  1374
         Skin              |       |       |       |       |       |     2 |       |       ||     2
  Dodge: Dodged            |    33 |    30 |    86 |   108 |   251 |   423 |   270 |   102 ||  1303
         Repelled          |       |       |       |       |     3 |    37 |    11 |    10 ||    61
  Block: Buckler           |    19 |    26 |    23 |       |       |       |       |       ||    68
         Kite shield       |       |       |   141 |   274 |   462 |   763 |   605 |   192 ||  2437

Table legend:
 A = Kills in this place as a percentage of kills in the entire game.
 B = Kills by you in this place as a percentage of kills by you in the entire game.
 C = Kills by friends in this place as a percentage of kills by friends in the entire game.
 D = Other kills in this place as a percentage of other kills in the entire game.
 E = Experience gained in this place as a percentage of experience gained in the entire game.
 F = Experience gained in this place divided by the number of levels of this place that you have seen.
                   A       B       C       D       E      F
               +-------+-------+-------+-------+-------+----------------------
         Total | 100.0 | 100.0 | 100.0 | 100.0 | 100.0 | 17493.3
       Dungeon |  26.7 |  27.0 |   5.0 |   0.0 |  13.8 | 7382.5
          Lair |  11.5 |  11.7 |   0.0 |  25.0 |   6.0 | 9726.0
        Shoals |   9.5 |   9.7 |   0.0 |   0.0 |   9.8 | 19784.2
     Snake Pit |  11.3 |  11.5 |   0.0 |   0.0 |  12.2 | 24541.0
  Orcish Mines |   8.6 |   8.7 |   0.0 |   0.0 |   2.0 | 7868.0
        Vaults |  18.9 |  17.9 |  90.0 |  50.0 |  30.1 | 48442.4
        Depths |   9.5 |   9.7 |   0.0 |   0.0 |  18.2 | 36555.5
           Zot |   3.1 |   3.0 |   5.0 |  25.0 |   7.4 | 11973.4
      Gauntlet |   0.8 |   0.9 |   0.0 |   0.0 |   0.5 | 3987.0
               +-------+-------+-------+-------+-------+----------------------
